[Event "*** Titled Tuesday Blitz"]
[Site "Chess.com"]
[Date "2018.07.03"]
[Round "3"]
[White "RiskyDecision"]
[Black "stolencandy13"]
[Result "1-0"]
[WhiteElo "2478"]
[BlackElo "2305"]
[TimeControl "180+2"]
[EndTime "13:36:40 PDT"]
[Termination "RiskyDecision won by resignation"]

1. d4 Nf6 2. Bg5 d5 3. e3 Bf5 4. Bxf6 exf6 5. g3 Be4 6. Nf3 c6 7. Bg2 Nd7 8. O-O Be7 9. Nbd2 f5 10. Ne1 Bxg2 11. Kxg2 g5 12. Qh5 f4 13. exf4 gxf4 14. Nd3 Nf6 15. Qf5 fxg3 16. fxg3 Qd7 17.
Rae1 Qxf5 18. Rxf5 Kf8 19. Ref1 Kg7 20. Ne5 Rhf8 21. g4 h6 22. h4 Rae8 23. g5 hxg5 24. hxg5 Nh5 25. Rxf7+ Rxf7 26. Rxf7+ Kg8 27. Ndf3 b6 28.
g6 c5 29. c3 cxd4 30. cxd4 a5 31. Nd7 Bd6 32. Nf6+ Nxf6 33. Rxf6 Bc7 34. Rc6 Re2+ 35.
Kf1 Re7 36. a4 Kg7 37. Kf2 Bd8 38. Ne5 Bc7 39. Nf3 Bd8 40. b3 Bc7 41. Kf1 Bd8 42.
Kg1 Bc7 43. Kf2 Bd8 44. Nh4 Rd7 45. Nf5+ Kg8 46. Kf3 Bf6 47. Rxf6 1-0

[Event "*** Titled Tuesday Blitz"]
[Site "Chess.com"]
[Date "2018.07.03"]
[Round "3"]
[White "MikeSailer"]
[Black "SamCopeland"]
[Result "1-0"]
[WhiteElo "2046"]
[BlackElo "1967"]
[TimeControl "180+2"]
[EndTime "13:36:41 PDT"]
[Termination "MikeSailer won by checkmate"]

1. e4 e6 2. d4 d5 3. Nc3 Nf6 4. Bg5 dxe4 5. Nxe4 Be7 6. Bxf6 gxf6 7. Nf3 a6 8. Bc4 b5 9. Bb3 Bb7 10. Nc3 c5 11.
dxc5 Qxd1+ 12. Rxd1 Bxc5 13. Ke2 Rg8 14. g3 Nd7 15.
Rhe1 Ke7 16. a3 Rad8 17. Nd2 f5 18. Nf3 Nf6 19. h3 Ne4 20. Nxe4 fxe4 21. Ne5 Bd4 22. Ng4 Bxb2 23. a4 b4 24. Rxd8 Rxd8 25. Rd1 Rxd1 26. Kxd1 Bd4 27. Ke2 f5 28. Nh2 a5 29. Nf1 Ba6+ 30.
Ke1 Bc3+ 31. Nd2 f4 32. Kd1 e3 33. fxe3 fxg3 34. Nf3 e5 35. Ng1 Kf6 36. Bd5 Kg5 37.
Bf3 Kh4 38. Bg2 h5 39. Nf3# 1-0

[Event "*** Titled Tuesday Blitz"]
[Site "Chess.com"]
[Date "2018.07.03"]
[Round "3"]
[White "ChessMavenYeti"]
[Black "BabyBoss31"]
[Result "1-0"]
[WhiteElo "2203"]
[BlackElo "2092"]
[TimeControl "180+2"]
[EndTime "13:36:57 PDT"]
[Termination "ChessMavenYeti won by resignation"]

1. d4 e6 2. c4 Nf6 3. Nc3 Bb4 4. Qc2 d5 5. cxd5 exd5 6. Bg5 O-O 7. e3 c5 8. Nf3 Bg4 9. Be2 Bh5 10. O-O Bg6 11. Qb3 Nc6 12. Bxf6 gxf6 13. Nxd5 Na5 14. Qa4 Qxd5 15. a3 Nb3 16. Rad1 Bc2 17. dxc5 Bxd1 18.
Rxd1 Nd2 19. axb4 Nxf3+ 20. Bxf3 Qe6 21. Bxb7 Rad8 22. h3 Qe5 23. b5 Qxc5 24. Bc6 Rxd1+ 25. Qxd1 a6 26. Qg4+ Kh8 27. b4 Qc1+ 28. Kh2 axb5 29. Bxb5 Qc7+ 30. g3 Qe5 31. Be2 Rg8 32. Qf3 Rb8 33.
b5 Kg7 34. Qc6 Rd8 35. Qc2 Rd6 36. Bd3 Qe7 37. Bxh7 Rb6 38. Bd3 Qe5 39. Qc4 Qe7 40. Qg4+ Kf8 41. Qh5 Qd6 42. Qh8+ Ke7 43. Qc8 Qxd3 44.
Qc7+ Kf8 45. Qxb6 Qe2 46. e4 f5 47. exf5 Qf3 48. Qe3 Qxf5 49. b6 Qd5 50. h4 1-0

[Event "*** Titled Tuesday Blitz"]
[Site "Chess.com"]
[Date "2018.07.03"]
[Round "3"]
[White "RitvarsReimanis"]
[Black "djano"]
[Result "1/2-1/2"]
[WhiteElo "2469"]
[BlackElo "2415"]
[TimeControl "180+2"]
[EndTime "13:37:04 PDT"]
[Termination "Game drawn by repetition"]

1. d4 Nf6 2. c4 g6 3. f3 c5 4. d5 Bg7 5. e4 d6 6. Ne2 O-O 7. Nec3 e6 8. Be2 exd5 9. cxd5 Na6 10. O-O Nc7 11. a4 b6 12. Na3 Rb8 13. Nab5 a6 14. Nxc7 Qxc7 15. Be3 c4 16. Bd4 Bd7 17. Qd2 b5 18. axb5 axb5 19. Ra7 Rb7 20. Rfa1 Rfb8 21. Nd1 h5 22. Ne3 h4 23. Rxb7 Rxb7 24. Ra8+ Rb8 25. Rxb8+ Qxb8 26. Qc3 Ne8 27. Bxg7 Nxg7 28. b3 cxb3 29. Qxb3 Qa7 30. Kf1 Nh5 31. Nd1 h3 32. Qe3 hxg2+ 33. Kxg2 Qa2 34. Nf2 b4 35. Bd1 Ba4 36.
Qa7 b3 37. Qb8+ Kh7 38. Bxb3 Bxb3 39. Qxd6 Bd1 40. Qe7 Nf4+ 41. Kg3 Nh5+ 42. Kg2 Nf4+ 43. Kg3 Nh5+ 44. Kg2 Nf4+ 45. Kg3 Nh5+ 46. Kg2 Kg8 47. Qe8+ Kg7 48. Qe5+ Kg8 49. Qe8+ Kg7 50. Qe5+ Kh7 51. Qe7 1/2-1/2

[Event "*** Titled Tuesday Blitz"]
[Site "Chess.com"]
[Date "2018.07.03"]
[Round "3"]
[White "dachessmandan"]
[Black "VitaliyBernadskiy"]
[Result "0-1"]
[WhiteElo "2431"]
[BlackElo "2704"]
[TimeControl "180+2"]
[EndTime "13:37:07 PDT"]
[Termination "VitaliyBernadskiy won by checkmate"]

1. e4 e6 2. d4 d5 3. Nd2 Nc6 4. Ngf3 Nf6 5. exd5 exd5 6. c3 Bd6 7. Bd3 Bg4 8. O-O O-O 9. Re1 Re8 10. Rxe8+ Qxe8 11. Nf1 Ne4 12. Ne3 Be6 13. Bxe4 dxe4 14. Ng5 Bd7 15. Qc2 Be7 16. Nxe4 f5 17. Nc5 Bxc5 18.
dxc5 Qe5 19. Nf1 Be6 20. Be3 f4 21. Bd2 f3 22. Re1 Qf6 23. gxf3 Ne5 24. Re4 Nxf3+ 25.
Kg2 Bd5 26. Ng3 Rf8 27. Kf1 Nxh2+ 28. Ke1 Qxf2+ 29. Kd1 Qxg3 30. Re1 Nf3 31. Rf1 Qg2 32. Re1 Nxe1 33. Bxe1 Bf3+ 34. Kc1 Qxc2+ 35. Kxc2 Be4+ 36. Kb3 c6 37. Bg3 a6 38. Bd6 Rf2 39. Kb4 Rxb2+ 40. Ka5 Rb5+ 41. Ka4 Bc2+ 42. Ka3 h5 43. c4 Rb1 44. Bg3 Bd3 45. Be5 b5 46. Bd4 a5 47.
Bc3 b4+ 48. Ka4 bxc3 49. Ka3 c2 50. Ka4 c1=Q 51. a3 Qxc4+ 52. Kxa5 Qb5# 0-1

[Event "*** Titled Tuesday Blitz"]
[Site "Chess.com"]
[Date "2018.07.03"]
[Round "3"]
[White "DishonorOnYourCow"]
[Black "icychess54"]
[Result "0-1"]
[WhiteElo "2238"]
[BlackElo "2102"]
[TimeControl "180+2"]
[EndTime "13:37:07 PDT"]
[Termination "icychess54 won by resignation"]

1. d4 d5 2. c4 c6 3. Nf3 Nf6 4. e3 e6 5. b3 Nbd7 6. Bb2 Be7 7. Bd3 O-O 8. Nbd2 b6 9. O-O Bb7 10. Rc1 Rc8 11. Ne5 c5 12. dxc5 Nxc5 13. Bb1 dxc4 14. Ndxc4 b5 15. Nd2 Nd5 16. Ne4 Nxe4 17. Rxc8 Qxc8 18.
Bxe4 Nxe3 19. fxe3 Bxe4 20. Qd4 Qc2 21. Rf2 Qb1+ 22.
Rf1 Qc2 23. Rf2 Bc5 24. Rxc2 Bxd4 25. Re2 Bxb2 26. Rxb2 Rd8 27. a4 b4 28. Nc4 Rd1+ 29. Kf2 Kf8 30. Rd2 Rxd2+ 31. Nxd2 Bc2 32. Ke2 Ke7 33.
e4 Kd6 34. Ke3 Kc5 35. g3 f6 36. h4 g6 37. g4 h5 38. gxh5 gxh5 39. Kf4 Kd4 40. Nc4 Bxb3 41. Na5 Bxa4 42. Nb7 b3 43.
Nd8 b2 44. Nxe6+ Kc4 45. Kf5 b1=Q 46. Kxf6 Qf1+ 47. Ke7 Qf2 48. Ng5 Qxh4 49. Kf6 Kd4 50. e5 Qxg5+ 51. Kxg5 Kxe5 52. Kxh5 Bd1+ 53. Kh4 a5 54.
Kg3 a4 55. Kf2 a3 56. Ke1 a2 57. Kd2 a1=Q 0-1

[Event "*** Titled Tuesday Blitz"]
[Site "Chess.com"]
[Date "2018.07.03"]
[Round "3"]
[White "arctic_t00"]
[Black "colegiodemadrid"]
[Result "1-0"]
[WhiteElo "2320"]
[BlackElo "2211"]
[TimeControl "180+2"]
[EndTime "13:37:11 PDT"]
[Termination "arctic_t00 won by checkmate"]

1. d4 Nf6 2. Nf3 c5 3. d5 b5 4. Bg5 Qb6 5. a4 b4 6. a5 Qc7 7. Bxf6 gxf6 8. e4 d6 9. Nbd2 f5 10. Bb5+ Bd7 11. Bxd7+ Qxd7 12. O-O Bg7 13. exf5 Qxf5 14.
Nc4 O-O 15. Re1 Bf6 16. Qd2 Na6 17. Rad1 Nc7 18. h3 Nb5 19. Ne3 Qg6 20. Ng4 Bxb2 21.
Rxe7 h5 22. Nh4 Qg7 23. Nf5 Qg6 24. Re6 hxg4 25. Rxg6+ fxg6 26. Ne7+ Kf7 27. Qe2 Be5 28. Qxb5 Kxe7 29. hxg4 Rad8 30. Qb7+ Rd7 31. Qb5 Rf4 32. Re1 Rxg4 33. a6 Rf4 34. Qd3 Kf6 35. g3 Rd4 36. Qf3+ Kg7 37. Qg2 Rf7 38. Qh3 Rd2 39. f4 Bd4+ 40.
Kh1 Rxc2 41. Qe6 Bf2 42. Rf1 Bxg3 43. f5 gxf5 44. Rxf5 Rxf5 45. Qxf5 Rc1+ 46. Kg2 Rc3 47. Qd7+ Kg6 48. Qxa7 Be5 49. Qb7 b3 50. a7 b2 51.
a8=Q Rc2+ 52. Kf3 Kf5 53. Qf8+ Bf6 54. Qh7+ Ke5 55. Qe4# 1-0

[Event "*** Titled Tuesday Blitz"]
[Site "Chess.com"]
[Date "2018.07.03"]
[Round "3"]
[White "Superfelix"]
[Black "plouarzel"]
[Result "0-1"]
[WhiteElo "2359"]
[BlackElo "2483"]
[TimeControl "180+2"]
[EndTime "13:37:15 PDT"]
[Termination "plouarzel won by resignation"]

1. e4 d6 2. d4 Nf6 3. Nc3 e5 4.
Nf3 Nbd7 5. Bc4 exd4 6. Nxd4 Nb6 7. Be2 Be7 8. O-O O-O 9. f4 d5 10. e5 Ne4 11. Nxe4 dxe4 12. c3 Qd5 13. Nc2 Qxd1 14.
Rxd1 f6 15. Be3 fxe5 16. fxe5 c6 17. c4 Be6 18. b3 Rad8 19. Rxd8 Rxd8 20. Rd1 Rxd1+ 21.
Bxd1 Nd7 22. Bxa7 Nxe5 23. Bd4 Nd3 24. Kf1 Kf7 25. Be3 Bd6 26. h3 Be5 27. Nd4 Bd7 28. Bc2 g6 29. a3 c5 30. Ne2 b5 31. cxb5 Bxb5 32. Kg1 Ke6 33. Bxd3 exd3 34. Nf4+ Kf5 35.
Nd5 Ke4 36. a4 Bxa4 37. bxa4 Kxd5 38. Kf2 c4 39. a5 Kc6 40. a6 c3 41. Ke1 Bg3+ 42. Kd1 Bc7 43. a7 Kb7 44. g4 Bd6 45. h4 Ba3 46. h5 gxh5 47. gxh5 c2+ 48. Ke1 Bb4+ 49. Kf2 d2 0-1

[Event "*** Titled Tuesday Blitz"]
[Site "Chess.com"]
[Date "2018.07.03"]
[Round "3"]
[White "champ2005"]
[Black "tango_argentino"]
[Result "1-0"]
[WhiteElo "2713"]
[BlackElo "2481"]
[TimeControl "180+2"]
[EndTime "13:37:16 PDT"]
[Termination "champ2005 won by resignation"]

1. e4 e6 2. d4 d5 3. Nc3 Nf6 4.
Bg5 dxe4 5. Nxe4 Be7 6. Bxf6 gxf6 7. Nf3 f5 8. Nc3 a6 9. g3 b5 10. Bg2 Bb7 11. O-O O-O 12. Ne5 Bxg2 13. Kxg2 b4 14. Ne2 Nc6 15. Nxc6 Qd5+ 16. Kg1 Qxc6 17. c3 Rad8 18.
Qc2 Bf6 19. Rad1 a5 20. Rd2 Kg7 21. Rfd1 bxc3 22. bxc3 Qc4 23. Nf4 Kg8 24. Nh5 Bh8 25. Rd3 h6 26. Qd2 Kh7 27. Qe3 Qxa2 28. d5 Qc4 29. dxe6 Rxd3 30. Rxd3 Qxe6 31. Qxe6 fxe6 32.
Rd7+ Kg6 33. Nf4+ Kf6 34. Rxc7 Ra8 35. Nd3 a4 36. Nb4 a3 37. Na2 Ke5 38. Kf1 Kd6 39.
Rb7 e5 40. Ke2 e4 41. Kd2 Kc6 42. Rb4 Be5 43. Kc2 Bd6 44. Rb1 Bc5 45. Nb4+ Bxb4 46. cxb4 Kb5 47. Kb3 Ra4 48. Rd1 a2 49. Kb2 Kxb4 50.
Rd4+ Kb5 51. Rxa4 Kxa4 52. Kxa2 Kb4 53. Kb2 Kc4 54. Kc2 Kd4 55. Kd2 Kd5 56. Ke3 Ke5 57. h3 h5 58. h4 f4+ 59. gxf4+ Kf5 60. f3 exf3 61. Kxf3 Kf6 62. Ke4 Ke6 63. f5+ Kf6 64.
Kf4 Kf7 65. Kg5 Kg7 66. Kxh5 Kf6 1-0

[Event "*** Titled Tuesday Blitz"]
[Site "Chess.com"]
[Date "2018.07.03"]
[Round "3"]
[White "W_Amadeus"]
[Black "Shant_Sargsyan"]
[Result "1/2-1/2"]
[WhiteElo "2595"]
[BlackElo "2890"]
[TimeControl "180+2"]
[EndTime "13:37:19 PDT"]
[Termination "Game drawn by repetition"]

1. d4 Nf6 2. c4 g6 3. Nc3 d5 4.
cxd5 Nxd5 5. e4 Nxc3 6. bxc3 Bg7 7. Be3 c5 8. Rc1 O-O 9. Nf3 Bg4 10. Be2 Qa5 11. O-O Qxa2 12. Ra1 Qe6 13. h3 Bxf3 14. Bxf3 Qd7 15. dxc5 Qc7 16. Rb1 Nc6 17. Qb3 Rab8 18. Rfd1 Rfd8 19. Rxd8+ Qxd8 20. Be2 Qc7 21. Bb5 e6 22. Qa4 Rd8 23. Qa3 Be5 24. h4 a6 25.
Bxc6 Qxc6 26. Qb4 Rd7 27. g3 h5 28. Kf1 Kg7 29. Qc4 b5 30. Qb4 f5 31. exf5 exf5 32.
c4 bxc4 33. Qb6 Qh1+ 34. Ke2 Qe4 35. Qe6 Rd2+ 36. Kxd2 Qd3+ 37. Kc1 Qc3+ 38. Kd1 Qd3+ 39. Kc1 Qf1+ 40. Kc2 Qe2+ 41. Kc1 Qe1+ 42. Kc2 Qc3+ 43. Kd1 Qd3+ 44. Kc1 Qc3+ 45. Kd1 Qd3+ 1/2-1/2

[Event "*** Titled Tuesday Blitz"]
[Site "Chess.com"]
[Date "2018.07.03"]
[Round "3"]
[White "QDcoach"]
[Black "pedromartinez91"]
[Result "1-0"]
[WhiteElo "2663"]
[BlackElo "2414"]
[TimeControl "180+2"]
[EndTime "13:37:28 PDT"]
[Termination "QDcoach won by checkmate"]

1. d4 Nf6 2. c4 g6 3. Nf3 Bg7 4. g3 O-O 5. Bg2 c6 6. O-O d5 7. Qb3 a5 8. cxd5 a4 9. Qd1 cxd5 10. Nc3 Qa5 11. Bd2 Nc6 12. Ne5 Qa6 13. Nxc6 bxc6 14. b3 axb3 15. axb3 Qxa1 16. Qxa1 Rxa1 17. Rxa1 Be6 18.
Na4 Nd7 19. Be3 Rb8 20. Rc1 Rxb3 21. h4 Rb4 22. Nc5 Nxc5 23. Rxc5 Bd7 24. Ra5 Rb8 25. Ra7 Rd8 26. Bf3 h5 27. Kg2 Bf6 28. Rc7 Be8 29. Bg5 Bxg5 30. hxg5 e6 31. e3 Kf8 32. Be2 Bd7 33.
Kf3 Ke7 34. Kf4 Kd6 35. Ra7 Rb8 36. f3 Re8 37. e4 dxe4 38. fxe4 e5+ 39. dxe5+ Ke7 40.
Bc4 Rd8 41. e6 fxe6 42. Ke5 Kf8 43. Kf6 e5 44. Kxg6 Be8+ 45. Kf6 Rd6+ 46. Kxe5 Rg6 47. Kf5 c5 48. e5 Rg7 49. Ra8 Ke7 50. e6 Bc6 51.
Ra7+ Kf8 52. Ra6 Be8 53. Ra8 Ke7 54. Rc8 Rg8 55. Rxc5 Kd6 56. Rd5+ Ke7 57. Ra5 Bg6+ 58. Ke5 Rc8 59. Ra7+ Kf8 60. Kf6 Be8 61. e7# 1-0

[Event "*** Titled Tuesday Blitz"]
[Site "Chess.com"]
[Date "2018.07.03"]
[Round "3"]
[White "gmjlh"]
[Black "florianschwabeneder"]
[Result "1-0"]
[WhiteElo "2665"]
[BlackElo "2481"]
[TimeControl "180+2"]
[EndTime "13:37:32 PDT"]
[Termination "gmjlh won by resignation"]

1. e4 c5 2. Nf3 d6 3. g3 Nc6 4. Bg2 Nf6 5. Qe2 g6 6. O-O Bg7 7. c3 O-O 8. d4 e5 9. dxc5 dxc5 10. Nbd2 Qe7 11. Nc4 Rd8 12. Re1 h6 13. h3 Qc7 14.
Nh2 Be6 15. Ng4 Nxg4 16. hxg4 Qd7 17. g5 hxg5 18. Bxg5 f6 19. Bc1 Qd3 20. Ne3 Qxe2 21. Rxe2 Kf7 22. Nd5 Ne7 23. c4 Nc6 24. Be3 Nd4 25.
Rd2 Rac8 26. f4 exf4 27. gxf4 f5 28. e5 Bf8 29. Kf2 b5 30. b3 bxc4 31. bxc4 Rb8 32. Rh1 Bg7 33. Rc1 g5 34. fxg5 Bxe5 35. Nf4 Bxf4 36.
Bxf4 Rbc8 37. Rh1 Kg8 38. Be5 Kf7 39. Rh6 Bxc4 40. Rf6+ Ke7 41. Bh3 Be6 42. Bxd4 cxd4 43. Re2 Rd6 44. Bxf5 Rcc6 45. a4 a5 46. Kf3 Rb6 47.
Rexe6+ Rxe6 48. Rxe6+ Rxe6 49. Bxe6 Kxe6 50. Ke4 d3 51. Kxd3 Kf5 52. Kc4 Kxg5 53. Kb5 Kf6 54. Kxa5 1-0

[Event "*** Titled Tuesday Blitz"]
[Site "Chess.com"]
[Date "2018.07.03"]
[Round "3"]
[White "ChainsOfFantasia"]
[Black "TST2014"]
[Result "1-0"]
[WhiteElo "2377"]
[BlackElo "2370"]
[TimeControl "180+2"]
[EndTime "13:37:33 PDT"]
[Termination "ChainsOfFantasia won on time"]

1. d4 Nf6 2. c4 g6 3. Nf3 Bg7 4. g3 O-O 5. Bg2 d6 6. O-O Nc6 7. Nc3 a6 8. Bf4 e6 9. Rc1 Qe7 10. e4 e5 11. Bg5 Bg4 12. Nd5 Qd8 13. dxe5 Nxe5 14. h3 Nxf3+ 15. Bxf3 Bxh3 16. Re1 c6 17. Nf4 Bc8 18. c5 h6 19. Bxf6 Bxf6 20. cxd6 Bxb2 21. e5 Bxc1 22. Qxc1 Re8 23. Nxg6 fxg6 24. Qxh6 Re6 25.
Bg4 Qe8 26. Bxe6+ Bxe6 27. Re4 Qf7 28. Rf4 Qg7 29. Qg5 Re8 30. Rf6 Kh7 31. Qf4 c5 32.
Qf3 b5 33. Qh1+ Kg8 34. Qe4 Kh7 35. Qh1+ Qh6 36. Qb7+ Kg8 37. d7 Bxd7 38. Qxd7 Rf8 39. Qe6+ Kh8 40. Rxg6 Qh7 41. Rh6 c4 42. Rxh7+ Kxh7 43. Qe7+ Kg8 44. Qg5+ Kf7 45. Qf6+ Ke8 46. Qc6+ Ke7 47.
Qd6+ Kf7 48. e6+ Kg7 49. Qd7+ Kg8 50. e7 c3 51. Qg4+ 1-0

[Event "*** Titled Tuesday Blitz"]
[Site "Chess.com"]
[Date "2018.07.03"]
[Round "3"]
[White "Ravan_02"]
[Black "Martins-BR"]
[Result "1-0"]
[WhiteElo "2477"]
[BlackElo "2333"]
[TimeControl "180+2"]
[EndTime "13:37:35 PDT"]
[Termination "Ravan_02 won by resignation"]

1. d4 f5 2. Nf3 Nf6 3. Bg5 Ne4 4.
Bf4 c5 5. c3 Qb6 6. Qb3 c4 7.
Qc2 Nc6 8. Nbd2 d5 9. Nxe4 fxe4 10. Ne5 Nxe5 11. Bxe5 Bf5 12. e3 Qc6 13. b3 cxb3 14.
Qxb3 a6 15. Be2 Rc8 16. O-O b5 17. a4 Bd7 18. axb5 axb5 19. Rfb1 h5 20. Bxb5 Qxb5 21. Qxb5 Bxb5 22. Rxb5 e6 23. Rb7 Rh6 24. g3 g5 25.
Raa7 h4 26. Bg7 Rg6 27. Be5 h3 28. g4 Rh6 29. Kf1 Rh4 30. f4 exf3 31. Kf2 Rxg4 32. Kxf3 Rg1 33. Rh7 g4+ 34. Kf2 Rg2+ 35. Ke1 Rd8 36.
Bf6 Rc8 37. Be5 Rd8 38. Rh8 Rg1+ 39. Kf2 Rg2+ 40. Kf1 Rc2 41. Bg7 Rd7 42. Rxf8+ Ke7 43. Rxd7+ Kxd7 44. Be5 Rxc3 45. Kf2 Rc2+ 46. Kg3 Rg2+ 47.
Kh4 Ke7 48. Rg8 Kf7 49. Rxg4 Re2 50. Bf4 e5 51. dxe5 Ke6 52. Kxh3 Kf5 53. Rg5+ Ke4 54. e6 d4 55. e7 1-0

[Event "*** Titled Tuesday Blitz"]
[Site "Chess.com"]
[Date "2018.07.03"]
[Round "3"]
[White "Gvalch"]
[Black "Mikhail_Golubev"]
[Result "1-0"]
[WhiteElo "2617"]
[BlackElo "2396"]
[TimeControl "180+2"]
[EndTime "13:37:35 PDT"]
[Termination "Gvalch won by resignation"]

1. d4 Nf6 2. c4 g6 3. Nc3 Bg7 4.
e4 d6 5. h3 O-O 6. Be3 Na6 7.
Nf3 Qe8 8. a3 e5 9. d5 Nh5 10.
b4 f5 11. Rc1 Nf6 12. c5 f4 13. Bd2 g5 14. Bxa6 bxa6 15. c6 Qg6 16. Qe2 h5 17.
Nh2 g4 18. hxg4 hxg4 19. Nf1 f3 20. gxf3 gxf3 21. Qxf3 Ng4 22. Qg3 Rxf2 23. Rg1 Qf6 24. Ne3 Bh6 25. Ncd1 Rf3 26. Nxg4 Bxd2+ 27. Ke2 Bxg4 28.
Qxg4+ Kf7 29. Qxf3 Qxf3+ 30. Kxf3 Bxc1 31. Nf2 Bxa3 32.
Nd3 Rb8 33. Ra1 Bxb4 34. Rxa6 Bc3 35. Rxa7 Rc8 36. Nc1 Bd4 37. Rb7 Kg6 38. Ke2 Kg5 39. Nd3 Bb6 40. Nb4 Ra8 41. Kd3 Kf4 42. Kc4 Kxe4 43. Rxb6 cxb6 44. Kb5 Kd4 45. c7 e4 46. Nc6+ Kc3 47. Nb8 Ra5+ 48. Kxb6 Rc5 49. Nc6 e3 50.
c8=Q e2 51. Qe6 Kd2 52. Nd4 e1=N 53. Qe2+ Kc3 54. Nb5+ 1-0

[Event "*** Titled Tuesday Blitz"]
[Site "Chess.com"]
[Date "2018.07.03"]
[Round "3"]
[White "The_Unbeatable_One"]
[Black "Paralinch"]
[Result "0-1"]
[WhiteElo "2645"]
[BlackElo "2794"]
[TimeControl "180+2"]
[EndTime "13:37:36 PDT"]
[Termination "Paralinch won by resignation"]

1. e4 c6 2. d4 d5 3. Nd2 dxe4 4. Nxe4 Bf5 5. Ng3 Bg6 6. h4 h6 7. Nf3 Nd7 8. h5 Bh7 9. Bd3 Bxd3 10. Qxd3 e6 11.
Bd2 Ngf6 12. O-O-O Be7 13. Kb1 O-O 14. Ne4 Nxe4 15.
Qxe4 Nf6 16. Qe2 Qd5 17. Be3 Ng4 18. Bc1 Rfd8 19. Ne5 Nxe5 20. dxe5 Qb5 21. c4 Qb6 22. g4 Rxd1 23. Rxd1 Rd8 24. Rxd8+ Qxd8 25. Qd2 Qc7 26. f4 f6 27. Qd4 fxe5 28. fxe5 b5 29. cxb5 cxb5 30.
Qe4 Qd7 31. Qg6 Kf8 32. Qe4 Qd1 33. Qa8+ Kf7 34. Qxa7 Qxg4 35. Qf2+ Kg8 36. Qc2 Qxh5 37. b3 Qxe5 38. a4 bxa4 39. bxa4 h5 40. Bb2 Qf5 41. Bd4 h4 42. Qxf5 exf5 43. a5 h3 44. Bg1 Bc5 45. Bh2 Kf7 46. Kc2 Ke6 47. Kd3 Kd5 48.
a6 Kc6 49. Ke2 g5 50. Kf3 g4+ 51. Kf4 Bd6+ 52. Kxf5 g3 53. a7 Kb7 54. Bxg3 Bxg3 55. Kg4 h2 0-1

[Event "*** Titled Tuesday Blitz"]
[Site "Chess.com"]
[Date "2018.07.03"]
[Round "3"]
[White "BlackBoarder"]
[Black "abubakrtagelsir"]
[Result "1/2-1/2"]
[WhiteElo "2253"]
[BlackElo "2452"]
[TimeControl "180+2"]
[EndTime "13:37:39 PDT"]
[Termination "Game drawn by repetition"]

1. e4 g6 2. d4 Bg7 3. Nc3 d6 4.
Be2 Nf6 5. h4 h5 6. Nf3 a6 7. a4 b6 8. O-O Bb7 9. d5 Nbd7 10. Bf4 c6 11. dxc6 Bxc6 12. e5 dxe5 13. Nxe5 Nxe5 14. Bxe5 Qxd1 15. Rfxd1 O-O 16. f3 Rfc8 17.
Bd4 Nd7 18. Bxg7 Kxg7 19. Rd2 Nc5 20. b3 Nb7 21. Rad1 Nd6 22. Kf2 Nf5 23. g3 e5 24.
Na2 a5 25. c3 Re8 26. Nc1 Rac8 27. Bd3 e4 28. fxe4 Bxe4 29. Bxe4 Rxe4 30. Ne2 Rc7 31.
Nd4 Nxd4 32. Rxd4 Rxd4 33. cxd4 Kf8 34. Rd3 Ke7 35. Ke3 Kd6 36. Ke4 Re7+ 37. Kf4 f6 38.
Re3 Rc7 39. Re8 Rc3 40. Re3 Rxe3 41. Kxe3 Kd5 42. Kd3 g5 43. Ke3 Ke6 44. Ke4 f5+ 45.
Ke3 f4+ 46. gxf4 g4 47. Ke4 Kd6 48. f5 Kd7 49. d5 Kd6 50. f6 Kd7 51. Kf4 Kd6 52.
Ke4 Kd7 53. Kf4 Kd6 54. Ke4 Kd7 55. Kf4 Kd6 56. Ke4 1/2-1/2

[Event "*** Titled Tuesday Blitz"]
[Site "Chess.com"]
[Date "2018.07.03"]
[Round "3"]
[White "bugsbunny444"]
[Black "nickmatta"]
[Result "1/2-1/2"]
[WhiteElo "2378"]
[BlackElo "2271"]
[TimeControl "180+2"]
[EndTime "13:37:44 PDT"]
[Termination "Game drawn by repetition"]

1. Nf3 Nf6 2. c4 g6 3. b4 Bg7 4. Bb2 O-O 5. g3 b6 6. Bg2 Bb7 7. O-O e6 8. d3 d5 9. Nbd2 c5 10.
bxc5 bxc5 11. cxd5 exd5 12. Qc2 Nbd7 13. Rab1 Qc7 14.
Rfc1 Rfe8 15. e3 Rab8 16. Nb3 Ba6 17. Ba3 Bf8 18. Bf1 Ng4 19. Nfd2 Rec8 20. Bb2 Bg7 21. Bxg7 Kxg7 22. Qc3+ Qe5 23. Qxe5+ Ngxe5 24. d4 Bxf1 25. Kxf1 Nd3 26. Rc3 c4 27. Nc1 Rxb1 28. Nxb1 Nb4 29. a3 Nc6 30. Nd2 Nf6 31. f3 Rb8 32. Rc2 Na5 33.
Ne2 Nb3 34. Ke1 Nxd2 35. Kxd2 Rb3 36. Rc3 Rb1 37. Nc1 Kf8 38. Rc2 Ke7 39. Kc3 Kd6 40.
Kd2 Nd7 41. Na2 Nb6 42. Nc3 Rh1 43. h4 a6 44. e4 f6 45. exd5 Nxd5 46. Ne4+ Ke7 47.
Rxc4 Rh2+ 48. Kd3 f5 49. Ng5 Rg2 50. Rc5 Kd6 51. Nf7+ Ke6 52. Ng5+ Kd6 53. Nf7+ Ke6 54. Nd8+ Kd6 55. Nf7+ Ke6 1/2-1/2

[Event "*** Titled Tuesday Blitz"]
[Site "Chess.com"]
[Date "2018.07.03"]
[Round "3"]
[White "dolynachess"]
[Black "matiss90"]
[Result "1-0"]
[WhiteElo "2404"]
[BlackElo "2343"]
[TimeControl "180+2"]
[EndTime "13:37:54 PDT"]
[Termination "dolynachess won by checkmate"]

1. d4 Nf6 2. c4 g6 3. Nc3 Bg7 4. e4 O-O 5. Nf3 d6 6. Be2 Na6 7. O-O e5 8. Be3 Ng4 9. Bg5 Qe8 10. d5 h6 11. Bh4 f5 12. Nd2 Nxh2 13. Kxh2 g5 14. Bh5 Qe7 15. Bg3 f4 16. a3 Nc5 17.
b4 Nd7 18. Kg1 fxg3 19. fxg3 Nf6 20. Qe2 b6 21. Rf2 a5 22. b5 Bd7 23. Raf1 Nxh5 24. Qxh5 Rxf2 25. Rxf2 Rf8 26. Nd1 Be8 27. Qg4 Rxf2 28.
Kxf2 h5 29. Qc8 Qf7+ 30. Kg1 Kh7 31. Ne3 Qd7 32. Qxd7 Bxd7 33. Nf5 Bf6 34. a4 Kg6 35. Ne3 g4 36. Kf2 Bg5 37. Nb3 h4 38. gxh4 Bxh4+ 39. g3 Bg5 40. Nd2 Bf4 41. Ndf1 Kg5 42. Nh2 Kh5 43.
gxf4 exf4 44. Nexg4 Bxg4 45. Nxg4 Kxg4 46. e5 dxe5 47. c5 Kf5 48. d6 Ke6 49. dxc7 Kd7 50. cxb6 Kc8 51. Kf3 Kb7 52. Ke4 Kc8 53. Kxe5 f3 54.
Kd6 f2 55. Kc6 f1=Q 56. b7# 1-0

[Event "*** Titled Tuesday Blitz"]
[Site "Chess.com"]
[Date "2018.07.03"]
[Round "3"]
[White "DSCC1"]
[Black "Nathan_Filgueiras"]
[Result "0-1"]
[WhiteElo "2102"]
[BlackElo "2166"]
[TimeControl "180+2"]
[EndTime "13:37:57 PDT"]
[Termination "Nathan_Filgueiras won by resignation"]

1. d4 Nf6 2. c4 e6 3. Nc3 Bb4 4. Qc2 O-O 5. a3 Bxc3+ 6. Qxc3 b6 7. Bg5 Bb7 8. e3 h6 9. Bh4 c5 10. dxc5 bxc5 11. Bxf6 Qxf6 12. Qxf6 gxf6 13. O-O-O Rd8 14. Ne2 Nc6 15. Nc3 Ne5 16. Be2 Kf8 17. f4 Ng6 18.
Rhg1 Ke7 19. g3 d6 20. Bd3 f5 21.
e4 fxe4 22. Bxe4 Bxe4 23. Nxe4 f5 24. Nc3 h5 25. Rge1 Rac8 26. Rd2 a6 27. Rde2 Nf8 28.
Nd5+ Kf7 29. Nc3 Rd7 30. Kc2 Rcd8 31. b3 Re7 32. Nd5 Rb7 33. Nc3 Rdb8 34. Rb1 Ng6 35. Rd2 Rd7 36. Re2 Ne7 37. Rbe1 Nc6 38. Rd2 Nd4+ 39. Rxd4 cxd4 40. Na4 d3+ 41. Kc3 Rdb7 42. b4 a5 43. b5 Kf6 44. Kxd3 e5 45.
fxe5+ dxe5 46. Kc3 Rd8 47. Nc5 Rc7 48. Na6 Rcd7 49. Kb3 Rd3+ 50. Ka4 e4 51. c5 Rc3 52. c6 e3 53. Kxa5 Rxa3+ 54. Kb6 Re8 55. Kc5 e2 56. Kb4 Rae3 57. b6 R3e4+ 58. Kc5 R4e5+ 59. Kd6 R5e6+ 60. Kc7 R6e7+ 61. Kd6 Re6+ 62. Kc7 R8e7+ 63. Kc8 Rxc6+ 64. Kd8 0-1

[Event "*** Titled Tuesday Blitz"]
[Site "Chess.com"]
[Date "2018.07.03"]
[Round "3"]
[White "Grebeniuk-S"]
[Black "Polish_fighter3000"]
[Result "1/2-1/2"]
[WhiteElo "2465"]
[BlackElo "2751"]
[TimeControl "180+2"]
[EndTime "13:38:04 PDT"]
[Termination "Game drawn - insufficient material"]

1. d4 Nf6 2. Nf3 e6 3. e3 b6 4.
Bd3 Bb7 5. Nbd2 d5 6. O-O Nbd7 7. Ne5 Nxe5 8. dxe5 Nd7 9. f4 a6 10. b3 Be7 11. Bb2 g6 12. f5 gxf5 13. Bxf5 exf5 14.
e6 Nf6 15. exf7+ Kxf7 16. Rxf5 Rg8 17. Qh5+ Ke6 18. Re5+ Kd6 19. Qf7 Rxg2+ 20. Kxg2 d4+ 21. Kf1 Kxe5 22. Bxd4+ Kf5 23. Ke2 Bg2 24. Rg1 Qe8 25. Qg7 Qh5+ 26. Kd3 Qg6 27. Qxe7 Rg8 28. Qe5+ Kg4+ 29.
Ke2 Kh3 30. Qxf6 Qg4+ 31. Kd3 c5 32. Qh6+ Qh4 33. Qxh4+ Kxh4 34. Nf3+ Kh3 35. Ne5 cxd4 36.
Kxd4 Rd8+ 37. Kc3 Kxh2 38. Re1 h5 39. Ng6 Be4 40. Nf4 h4 41. Re2+ Kg3 42. Rd2 Rc8+ 43. Kd4 Rxc2 44. Rd1 Bf3 45. Rg1+ Rg2 46. Nxg2 Bxg2 47.
e4 h3 48. e5 h2 49. Rc1 Kf4 50. e6 h1=Q 51. Rxh1 Bxh1 52. e7 Bc6 53. a4 Kf5 54. a5 Ke6 55. axb6 Kxe7 56. Kc5 Kd7 57. b7 Bxb7 58.
Kb6 Bd5 59. Kxa6 Bxb3 1/2-1/2